 Dungeon Crawl Stone Soup version 0.28-a0-1235-g7c8fac35f0 (webtiles) character file.

Game seed: 6190996814976263059

36 Zonian the Stinger (level 3, 24/24 HPs)
             Began as a Merfolk Venom Mage on Dec 24, 2021.
             Was a Follower of Kikubaaqudgha.
             Quit the game on level 1 of the Dungeon.
             The game lasted 00:02:56 (1796 turns).

Zonian the Stinger (Merfolk Venom Mage)             Turns: 1796, Time: 00:02:56

Health: 24/24      AC:  2    Str: 10    XL:     3   Next: 37%
Magic:  5/6        EV: 13    Int: 14    God:    Kikubaaqudgha [*.....]
Gold:   32         SH:  0    Dex: 14    Spells: 5/6 levels left

rFire   . . .      SeeInvis .   b - +0 whip
rCold   . . .      Faith    .   (no shield)
rNeg    . . .      Spirit   .   a - +0 robe
rPois   .          Reflect  .   (no helmet)
rElec   .          Harm     .   (no cloak)
rCorr   .          Rampage  .   (no gloves)
Will    .....                   (no boots)
Stlth   ++........              (no amulet)
HPRegen 0.08/turn               (no ring)
MPRegen 0.10/turn               (no ring)

@: no status effects
A: (nimble swimmer 2), mertail
a: Renounce Religion, Receive Corpses


You were on level 1 of the Dungeon.
You worshipped Kikubaaqudgha.
Kikubaaqudgha was aware of your devotion.
You visited 1 branch of the dungeon, and saw 1 of its levels.

You collected 32 gold pieces.

Inventory:

Hand Weapons
 b - a +0 whip (weapon)
 h - a +0 hunting sling
Missiles
 g - 6 poisoned darts
Armour
 a - a +0 robe (worn)
Jewellery
 e - an amulet of magic regeneration
Scrolls
 c - a scroll of teleportation
 d - a scroll of amnesia {unknown}
 f - a scroll of immolation {unknown}
 i - a scroll of fear {unknown}
 j - a scroll of fog {unknown}


   Skills:
 + Level 3.2 Dodging
 + Level 2.7 Stealth
 + Level 2.3 Spellcasting
 + Level 2.2 Transmutations
 + Level 3.6 Poison Magic


You had 5 spell levels left.
You knew the following spells:

 Your Spells              Type           Power      Damage    Failure   Level
a - Sting                 Tmut/Pois      36%        1d4       7%          1

Your spell library contained the following spells:

 Spells                   Type           Power      Damage    Failure   Level
 Poisonous Vapours        Pois/Air       12%        N/A       17%         2
 Animate Skeleton         Necr           2%         N/A       24%         1
 Pain                     Necr           4%         1d4       24%         1
 Sublimation of Blood     Necr           1%         N/A       34%         2
 Mephitic Cloud           Conj/Pois/Air  5%         N/A       38%         3
 Olgreb's Toxic Radiance  Pois           11%        N/A       45%         4
 Vampiric Draining        Necr           1%         2d6       56%         3


Dungeon Overview and Level Annotations

Branches:
Dungeon (1/15)

Altars:
Kikubaaqudgha


Innate Abilities, Weirdness & Mutations

((You are very nimble when in or above water. (Stealth+, EV+, Speed+++)))
Your lower body shifts to a powerful aquatic tail in water.


Message History

You are frozen.
You hit the endoplasm.
You kill the endoplasm!
You can't see any susceptible monsters within range! (Use Z to cast anyway.) Unknown command.
Found a faded altar of an unknown god.
A ball python comes into view.
Unknown command.
The ball python closely misses you. x2
The ball python closely misses you. The ball python grabs you.
The ball python constricts you.
The sting hits the ball python.
The ball python is poisoned.
You kill the ball python!
You can't see any susceptible monsters within range! (Use Z to cast anyway.)
You can't see any susceptible monsters within range! (Use Z to cast anyway.) Unknown command.
There is a faded altar of an unknown god here.
You cannot tell which god this altar belongs to.
Convert to them anyway?
Kikubaaqudgha accepts your prayer! Kikubaaqudgha welcomes you!
You can now receive cadavers from Kikubaaqudgha.
Kikubaaqudgha grants you a gift!
You add the spells Pain, Sublimation of Blood, Animate Skeleton and Vampiric Draining to your library.
Casting: Sting (safe; 7% risk of failure)
Confirm with . or Enter, or press ? or * to list all spells.
Okay, then.
Okay, then.
Unknown command.
Press < or > to pray at altars.
Unknown command.
Press < or > to pray at altars.
You aren't carrying any potions.
Unknown command.
Press < or > to pray at altars.
Unknown command.
Press < or > to pray at altars.
Welcome back, Zonian the Merfolk Venom Mage.
Kikubaaqudgha says: Spread unending torment and darkness!
Press ? for a list of commands and other information.
Are you sure you want to abandon this character and quit the game? (Confirm with "yes".)

## +....... #.
#....... ###. #
##...... ... .#
##..... #.##.#####.#
##...# #........†.#
##+# #..##.##.###
#.## #..#...#.# #...
#....@...# #######.##
##.#...#.# #.........
#.##.##.####.###.....
#....................
####...#####.........
##.# #######.#. ###
#... #.## #.#


There were no monsters in sight!

Vanquished Creatures
  A gnoll (D:1)
  2 bats (D:1)
  3 endoplasms (D:1)
  A giant cockroach (D:1)
  A goblin (D:1)
  4 hobgoblins (D:1)
  3 quokkas (D:1)
  4 ball pythons (D:1)
  2 kobolds (D:1)
  2 rats (D:1)
23 creatures vanquished.

Notes
Turn   | Place    | Note
-------+----------+-------------------------------------------
     0 | D:1      | Zonian the Merfolk Venom Mage began the quest for the Orb.
     0 | D:1      | Reached XP level 1. HP: 13/13 MP: 3/3
   290 | D:1      | Reached XP level 2. HP: 19/19 MP: 0/5
   730 | D:1      | Reached XP level 3. HP: 24/24 MP: 6/6
  1781 | D:1      | Found a faded altar of an unknown god.
  1795 | D:1      | Prayed at the altar of an unknown god.
  1795 | D:1      | Became a worshipper of Kikubaaqudgha
  1795 | D:1      | Reached * piety under Kikubaaqudgha
  1795 | D:1      | Received a gift from Kikubaaqudgha
  1796 | D:1      | Quit the game

Illustrated notes

Levels and vault maps discovered:
D:1:      mrwooster_arrival_arrow, layout_loops_corners,
          ebering_ecumenical_altar_box

Skill      XL: |  1  2 |
---------------+-------+-----
Dodging        | 3 |  3.2
Transmutations | 2 |  2.2
Stealth        | |  2.7
Spellcasting   | |  2.3
Poison Magic   | |  3.6

Action                   || total
-------------------------++-------
Melee: Unarmed           ||     5
       Whip              ||    58
 Cast: Sting             ||    29
  Use: Scroll            ||     1
 Stab: Sleeping          ||     2
Armor: Robe              ||     8
Dodge: Dodged            ||    54

Table legend: (Time is in decaauts)
 A = Elapsed time spent in this place.
 B = Non-inter-level travel time spent in this place.
 C = Inter-level travel time spent in this place.
 D = Time resting spent in this place.
 E = Time spent auto-exploring this place.
 F = Levels seen in this place.
 G = Mean time per level.
                   A        B        C        D        E       F      G
               +--------+--------+--------+--------+--------+-----+--------+
         Total |   1801 |   1801 |      0 |    537 |    992 |   1 | 1801.0 |
       Dungeon |   1801 |   1801 |      0 |    537 |    992 |   1 | 1801.0 |
               +--------+--------+--------+--------+--------+-----+--------+

Top non-repeatable levels by time:
     D:1: 1801 daAuts
